 Dungeon Crawl Stone Soup version 0.28-a0-595-g9f6c0e134a (webtiles) character file.

Game seed: 2995678000251525310

787 frimble the Grasshopper (level 7, -1/56 HPs)
             Began as a Gnoll Warper on Oct 4, 2021.
             Slain by Grinder (5 damage)
             ... while paralysed by Grinder
             ... on level 3 of the Dungeon.
             The game lasted 00:09:10 (6474 turns).

frimble the Grasshopper (Gnoll Warper)              Turns: 6474, Time: 00:09:11

Health: -1/56      AC:  5    Str: 10    XL:     7   Next: 87%
Magic:  15/15      EV:  2    Int: 19    God:
Gold:   16         SH:  0    Dex: 11    Spells: 12/17 levels left

rFire   . . .      SeeInvis .   g - +10 short sword "Uritem" {freeze, Int+4}
rCold   . . .      Faith    .   (no shield)
rNeg    . . .      Spirit   .   b - +1 leather armour
rPois   .          Reflect  .   l - +0 helmet
rElec   .          Harm     .   (no cloak)
rCorr   .          Rampage  .   (no gloves)
Will    .....                   (no boots)
Stlth   ++........              (no amulet)
HPRegen 0.18/turn               k - +4 ring of evasion
MPRegen 0.14/turn               (no ring)

@: paralysed
A: fangs 1, strong nose, distributed training
a: no special abilities


You were on level 3 of the Dungeon.
You visited 1 branch of the dungeon, and saw 5 of its levels.

You collected 184 gold pieces.
You spent 168 gold pieces at shops.

Inventory:

Hand Weapons
 g - the +10 short sword "Uritem" (weapon) {freeze, Int+4}
   (You bought it in a shop on level 1 of the Dungeon)

   It freezes those it strikes, dealing additional cold damage.
   It can also slow down cold-blooded creatures.
   Int:       It affects your intelligence (+4).
Missiles
 f - 2 boomerangs (quivered)
Armour
 b - a +1 leather armour (worn)
 j - a +0 buckler
 l - a +0 helmet (worn)
Jewellery
 k - a +4 ring of evasion (left hand)
 m - a ring of flight
Wands
 a - a wand of flame (24)
Scrolls
 c - a scroll of blinking
 i - 2 scrolls of fear
 n - a scroll of magic mapping
Potions
 d - a potion of brilliance


   Skills:
 + Level 5.4 Fighting
 + Level 2.7 Short Blades
 + Level 5.4 Long Blades
 + Level 2.7 Axes
 + Level 2.7 Maces & Flails
 + Level 2.7 Polearms
 + Level 2.7 Staves
 + Level 2.7 Slings
 + Level 2.7 Bows
 + Level 2.7 Crossbows
 + Level 3.8 Throwing
 + Level 3.8 Armour
 + Level 5.4 Dodging
 + Level 2.7 Stealth
 + Level 2.7 Shields
 + Level 2.7 Unarmed Combat
 + Level 5.7 Spellcasting
 + Level 2.2 Conjurations
 + Level 2.2 Hexes
 + Level 2.2 Summonings
 + Level 2.2 Necromancy
 + Level 5.9 Translocations
 + Level 2.2 Transmutations
 + Level 2.2 Fire Magic
 + Level 2.2 Ice Magic
 + Level 2.2 Air Magic
 + Level 2.2 Earth Magic
 + Level 2.2 Poison Magic
 + Level 3.0 Invocations
 + Level 2.7 Evocations


You had 12 spell levels left.
You knew the following spells:

 Your Spells              Type           Power      Damage    Failure   Level
a - Blink                 Tloc           N/A        N/A       1%          2
b - Gell's Gravitas       Tloc           14%        N/A       4%          3

Your spell library contained the following spells:

 Spells                   Type           Power      Damage    Failure   Level
 Lesser Beckoning         Tloc           28%        N/A       4%          3
 Teleport Other           Tloc           28%        N/A       4%          3
 Summon Small Mammal      Summ           56%        N/A       6%          1
 Poisonous Vapours        Pois/Air       28%        N/A       9%          2
 Call Canine Familiar     Summ           14%        N/A       19%         3
 Summon Guardian Golem    Hex/Summ       14%        N/A       19%         3
 Swiftness                Air            14%        N/A       19%         3
 Manifold Assault         Tloc           28%        N/A       36%         5
 Yara's Violent Unravell  Hex/Tmut       7%         3d5       86%         5
 Dispersal                Tloc           14%        N/A       90%         6


Dungeon Overview and Level Annotations

Branches:
Dungeon (5/15)             Temple (0/1) D:4

Altars:
Kikubaaqudgha
Okawaru

Shops:
D:1 (

Annotations:
D:3 Grinder


Innate Abilities, Weirdness & Mutations

You have very sharp teeth.
Your uncanny sense of smell can sniff out nearby items.
Your experience applies equally to all skills.


Message History

No target in view!
No target in view!
Found a stone staircase leading up.
Grinder drinks a potion.
Grinder seems to speed up.
You puncture Grinder!
Grinder is moderately wounded.
Grinder says, "Make like a tree!"
Grinder hits you!
You writhe in agony.
You closely miss Grinder. You bite Grinder, but do no damage.
Grinder is moderately wounded.
Grinder hits you.
You writhe in agony.
You barely miss Grinder.
Grinder is moderately wounded.
Grinder completely misses you. Grinder barely misses you.
You barely miss Grinder.
Grinder is lightly wounded.
Grinder barely misses you.
You puncture Grinder! Your bite misses Grinder.
Grinder is heavily wounded.
Grinder hits you. Grinder gestures at you. You resist with significant effort.
You closely miss Grinder.
Grinder is heavily wounded.
Grinder misses you.
You hit Grinder.
Grinder is heavily wounded.
Grinder barely misses you. Grinder gestures at you.
You suddenly lose the ability to move!
Grinder hits you!
You writhe in agony.
Grinder hits you but does no damage. Grinder hits you.
You writhe in agony.
Grinder gestures at you. Pain shoots through your body! Grinder hits you.
You writhe in agony.
* * * LOW HITPOINT WARNING * * *
Grinder hits you!
* * * LOW HITPOINT WARNING * * *
You writhe in agony.
You die...

#.#...........# #
#.#...........# #
#.###.#...........
#.#...#.##########
#.#...... .
##.##..###..
#...........
###..#######
##@#.....#
#...5#.....#
#.##.'.$_.?# #
#.#..$..#
<.#.....#
..#######
.........
########.#


You could see Grinder (fast).

Vanquished Creatures
  A necrophage (D:4)
  An ogre (D:3)
  A phantom (D:3)
  A water moccasin skeleton (D:3)
  A howler monkey (D:4)
  3 orc priests
  A bullfrog skeleton (D:4)
  Ijyb (D:3)
  Natasha (twice) (D:3)
  2 orc wizards (D:2)
  3 gnolls (D:3)
  6 adders
  A white imp (D:5)
  A worm (D:4)
  3 dart slugs
  15 orcs
  8 endoplasms
  4 giant cockroaches
  11 goblins
  8 hobgoblins
  6 kobolds
  5 quokkas
  8 ball pythons
  6 bats
  13 rats
112 creatures vanquished.

Vanquished Creatures (others)
  9 plants
  12 withered plants (D:2)
21 creatures vanquished.

Grand Total: 133 creatures vanquished

Notes
Turn   | Place    | Note
-------+----------+-------------------------------------------
     0 | D:1      | frimble the Gnoll Warper began the quest for the Orb.
     0 | D:1      | Reached XP level 1. HP: 20/20 MP: 6/6
   216 | D:1      | Found Guoshrapt's Antique Weapon Shop.
   236 | D:1      | Reached XP level 2. HP: 26/26 MP: 7/7
   455 | D:1      | Learned a level 2 spell: Blink
  1084 | D:1      | Reached XP level 3. HP: 31/31 MP: 9/9
  1139 | D:1      | Reached skill level 5 in Spellcasting
  1387 | D:1      | Reached skill level 1 in Invocations
  1723 | D:2      | Got the Guide on Weightlessness and Hexes
  2014 | D:2      | Reached skill level 1 in Short Blades
  2014 | D:2      | Reached skill level 1 in Axes
  2014 | D:2      | Reached skill level 1 in Maces & Flails
  2014 | D:2      | Reached skill level 1 in Polearms
  2014 | D:2      | Reached skill level 1 in Staves
  2014 | D:2      | Reached skill level 1 in Slings
  2014 | D:2      | Reached skill level 1 in Bows
  2014 | D:2      | Reached skill level 1 in Crossbows
  2014 | D:2      | Reached skill level 1 in Stealth
  2014 | D:2      | Reached skill level 1 in Shields
  2014 | D:2      | Reached skill level 1 in Unarmed Combat
  2014 | D:2      | Reached skill level 1 in Evocations
  2071 | D:2      | Reached XP level 4. HP: 28/38 MP: 11/11
  2217 | D:2      | Reached skill level 1 in Conjurations
  2217 | D:2      | Reached skill level 1 in Hexes
  2217 | D:2      | Reached skill level 1 in Summonings
  2217 | D:2      | Reached skill level 1 in Necromancy
  2217 | D:2      | Reached skill level 1 in Transmutations
  2217 | D:2      | Reached skill level 1 in Fire Magic
  2217 | D:2      | Reached skill level 1 in Ice Magic
  2217 | D:2      | Reached skill level 1 in Air Magic
  2217 | D:2      | Reached skill level 1 in Earth Magic
  2217 | D:2      | Reached skill level 1 in Poison Magic
  2345 | D:2      | Found a faded altar of an unknown god.
  2654 | D:3      | Noticed Natasha
  2663 | D:3      | Noticed a phantom
  2924 | D:3      | Learned a level 3 spell: Gell's Gravitas
  2940 | D:3      | Reached XP level 5. HP: 39/43 MP: 0/12
  3108 | D:3      | You fall into a shaft and drop 2 floors!
  3108 | D:5      | Entered Level 5 of the Dungeon
  3414 | D:3      | Noticed an ogre
  3467 | D:4      | Found a staircase to the Ecumenical Temple.
  3478 | D:4      | Noticed a necrophage
  3526 | D:4      | Killed a necrophage
  3527 | D:4      | Reached XP level 6. HP: 35/50 MP: 14/14
  3818 | D:4      | Reached skill level 5 in Fighting
  3818 | D:4      | Reached skill level 5 in Long Blades
  3818 | D:4      | Reached skill level 5 in Dodging
  3931 | D:4      | Found an ancient bone altar of Kikubaaqudgha.
  4154 | D:4      | Noticed an ice beast
  4945 | D:4      | HP: 2/51 [orc priest/divine providence (8)]
  4947 | D:4      | Reached XP level 7. HP: 3/56 MP: 15/15
  5993 | D:3      | Killed Natasha
  6152 | D:1      | Bought a crude short sword for 168 gold pieces
  6152 | D:1      | Identified the +10 short sword "Uritem" {freeze, Int+4}
                  | (You bought it in a shop on level 1 of the Dungeon)
  6352 | D:3      | Noticed Natasha
  6358 | D:3      | Killed Natasha
  6361 | D:3      | Noticed Ijyb
  6371 | D:3      | Killed Ijyb
  6458 | D:3      | Noticed Grinder
  6459 | D:3      | Found an iron altar of Okawaru.
  6470 | D:3      | Paralysed by Grinder for 7 turns
  6474 | D:3      | Slain by Grinder

Illustrated notes

Levels and vault maps discovered:
D:1:      elethiomel_arrival_infinity_welcomes_careful_drivers,
          layout_loops_cross, serial_shops, shop_statue, minmay_rat_gold_closets
D:2:      layout_rooms, shapermc_ecumenical_altar_flowoftime
D:3:      layout_basic, amcnicky_altar_gilded, uniq_ijyb, uniq_grinder,
          uniq_natasha
D:4:      corexii_shack_village, layout_basic, kiku_gazebo_pond_becter,
          minmay_temple_entry_butterflies
D:5:      layout_loops_ring, marbit_many_paths

Skill      XL: |  1  2  3  4  5  6  7 |
---------------+----------------------+-----
Spellcasting   | 5 |  5.7
Invocations    | 1 2 3 |  3.0
Short Blades   | 1 2 |  2.7
Axes           | 1 2 |  2.7
Maces & Flails | 1 2 |  2.7
Polearms       | 1 2 |  2.7
Staves         | 1 2 |  2.7
Slings         | 1 2 |  2.7
Bows           | 1 2 |  2.7
Crossbows      | 1 2 |  2.7
Stealth        | 1 2 |  2.7
Shields        | 1 2 |  2.7
Unarmed Combat | 1 2 |  2.7
Evocations     | 1 2 |  2.7
Conjurations   | 1 2 |  2.2
Hexes          | 1 2 |  2.2
Summonings     | 1 2 |  2.2
Necromancy     | 1 2 |  2.2
Transmutations | 1 2 |  2.2
Fire Magic     | 1 2 |  2.2
Ice Magic      | 1 2 |  2.2
Air Magic      | 1 2 |  2.2
Earth Magic    | 1 2 |  2.2
Poison Magic   | 1 2 |  2.2
Throwing       | 3 |  3.8
Armour         | 3 |  3.8
Fighting       | 5 |  5.4
Long Blades    | 5 |  5.4
Dodging        | 5 |  5.4
Translocations | |  5.9

Action                   |  1- 3 |  4- 6 |  7- 9 || total
-------------------------+-------+-------+-------++-------
Melee: Falchion          |   159 |   162 |    61 ||   382
       Bite              |    10 |    20 |     5 ||    35
       Flail             |       |    56 |       ||    56
       Punch             |       |     2 |       ||     2
       Short sword       |       |       |    19 ||    19
Throw: Boomerang         |       |    13 |     5 ||    18
 Cast: Gell's Gravitas   |       |    12 |     2 ||    14
       Blink             |       |     5 |       ||     5
  Use: Scroll            |     6 |     4 |     2 ||    12
       Potion            |       |     4 |       ||     4
 Stab: Sleeping          |     3 |     4 |     1 ||     8
Armor: Leather armour    |    49 |    51 |    15 ||   115
Dodge: Dodged            |    99 |   143 |    73 ||   315

Table legend: (Time is in decaauts)
 A = Elapsed time spent in this place.
 B = Non-inter-level travel time spent in this place.
 C = Inter-level travel time spent in this place.
 D = Time resting spent in this place.
 E = Time spent auto-exploring this place.
 F = Levels seen in this place.
 G = Mean time per level.
                   A        B        C        D        E       F      G
               +--------+--------+--------+--------+--------+-----+--------+
         Total |   6516 |   6245 |    271 |    559 |   4477 |   5 | 1303.2 |
       Dungeon |   6516 |   6245 |    271 |    559 |   4477 |   5 | 1303.2 |
               +--------+--------+--------+--------+--------+-----+--------+

Top non-repeatable levels by time:
     D:4: 2019 daAuts
     D:2: 1611 daAuts
     D:1: 1367 daAuts
     D:3: 1065 daAuts
     D:5: 453 daAuts
